TOP OF THE 1ST |
Johnson City Cardinals batting - Pitching for Washington (APP) Nationals : LHP Leo Gutierrez
|
Pitching: LHP Leo Gutierrez
|
|
Batting: RHB Bobby Miles
|
0-0: Called Strike 0-1: Ball 1-1: Ball 2-1: Called Strike 2-2: Foul Ball, location: 2F 2-2: Strikes out swinging
|
Batting: RHB Robby Hickman
|
0-0: Foul Ball, location: 2F 0-1: Foul Ball, location: 2F 0-2: SINGLE (Line Drive, 8RM, EV 89.4 MPH)
|
Batting: LHB Keith Rice
|
0-0: Ball 1-0: Ball Wild Pitch! Robby Hickman to second 2-0: Fly out, F7 (Flyball, 78S, EV 80.0 MPH)
|
Batting: RHB Fekadu Alhaadi
|
0-0: Ball 1-0: Swinging Strike 1-1: Foul Ball, location: 2F 1-2: SINGLE (Flyball, 34D, EV 83.1 MPH) Robby Hickman to third
|
Batting: LHB Travis Ruppel
|
0-0: Ball 1-0: Ball 2-0: Called Strike 2-1: Called Strike 2-2: Ball 3-2: Ground out 5-3 (Groundball, 5, EV 102.5 MPH)
|
Top of the 1st over - 0 runs, 2 hits, 0 errors, 2 left on base; Johnson City 0 - Washington (APP) 0 |
BOTTOM OF THE 1ST |
Washington (APP) Nationals batting - Pitching for Johnson City Cardinals : RHP Mario Machado
|
Pitching: RHP Mario Machado
|
|
Batting: RHB Bobby Bricker
|
0-0: Called Strike 0-1: Called Strike 0-2: Ball 1-2: Ball 2-2: Strikes out swinging
|
Batting: RHB Chad Madsen
|
0-0: Ball 1-0: SINGLE (Line Drive, 5D, EV 101.9 MPH)
|
Batting: LHB Vince McLane
|
0-0: Ball 1-0: Swinging Strike 1-1: Foul Ball, location: 2F 1-2: Ball 2-2: Ball 3-2: Base on Balls Chad Madsen to second
|
Batting: RHB Gregg Huddleston
|
0-0: Ball 1-0: Ball 2-0: Ball 3-0: Base on Balls Chad Madsen to third Vince McLane to second
|
Batting: LHB Jim Weidman
|
0-0: Ball 1-0: Swinging Strike 1-1: Called Strike 1-2: Ball 2-2: Strikes out swinging
|
Batting: RHB Lamar Thornton
|
0-0: Ball 1-0: Fielders Choice at 2nd, 5-4 (Groundball, 56, EV 106.2 MPH)
|
Bottom of the 1st over - 0 runs, 1 hit, 0 errors, 3 left on base; Johnson City 0 - Washington (APP) 0 |
TOP OF THE 2ND |
Johnson City Cardinals batting - Pitching for Washington (APP) Nationals : LHP Leo Gutierrez
|
Batting: RHB Tim Jobe
|
0-0: Ball 1-0: Foul Ball, location: 2F 1-1: Called Strike 1-2: Ball 2-2: Ball 3-2: Base on Balls
|
Batting: RHB Herbert Loveless
|
0-0: Ball 1-0: Foul Ball, location: 2F 1-1: Fly out, F9 (Flyball, 9D, EV 99.4 MPH)
|
Batting: LHB Ivan Cortez
|
0-0: Ball 1-0: Ball 2-0: Foul Ball, location: 2F 2-1: Fielders Choice at 2nd, U6 (Groundball, 4M, EV 84.4 MPH)
|
Batting: LHB Jorge Zarazua
|
0-0: Ball 1-0: Called Strike 1-1: Ball 2-1: Called Strike Ivan Cortez steals 2nd base (no throw) 2-2: Ball 3-2: Strikes out swinging
|
Top of the 2nd over - 0 runs, 0 hits, 0 errors, 1 left on base; Johnson City 0 - Washington (APP) 0 |
BOTTOM OF THE 2ND |
Washington (APP) Nationals batting - Pitching for Johnson City Cardinals : RHP Mario Machado
|
Batting: RHB Steve Kunselman
|
0-0: Swinging Strike 0-1: Swinging Strike 0-2: Foul Ball, location: 2F 0-2: Ball 1-2: Strikes out swinging
|
Batting: RHB Jelexiz Cuenca
|
0-0: Ball 1-0: Ball 2-0: Called Strike 2-1: Ground out 6-3 (Groundball, 6, EV 91.2 MPH)
|
Batting: RHB Jason Ewert
|
0-0: Called Strike 0-1: Foul Ball, location: 2F 0-2: Foul Ball, location: 2F 0-2: Strikes out looking
|
Bottom of the 2nd over - 0 runs, 0 hits, 0 errors, 0 left on base; Johnson City 0 - Washington (APP) 0 |
TOP OF THE 3RD |
Johnson City Cardinals batting - Pitching for Washington (APP) Nationals : LHP Leo Gutierrez
|
Batting: RHB Bobby Miles
|
0-0: Called Strike 0-1: Ball 1-1: Swinging Strike 1-2: SINGLE (Groundball, 6MD, EV 110.0 MPH)
|
Batting: RHB Robby Hickman
|
0-0: Called Strike 0-1: Ball 1-1: Called Strike 1-2: Strikes out swinging
|
Batting: LHB Keith Rice
|
0-0: Ball 1-0: SINGLE (Groundball, 4M, EV 102.5 MPH) Bobby Miles to second
|
Batting: RHB Fekadu Alhaadi
|
0-0: Ball 1-0: Fly out, F9 (Flyball, 9LD, EV 100.0 MPH) Runner from 2nd tags up, SAFE at 3rd, no throw by RF
|
Batting: LHB Travis Ruppel
|
0-0: Ball 1-0: Ball 2-0: Ball 3-0: Base on Balls Keith Rice to second
|
Batting: RHB Tim Jobe
|
0-0: Ball 1-0: Called Strike 1-1: Ball 2-1: Called Strike 2-2: Foul Ball, location: 2F 2-2: Strikes out looking
|
Top of the 3rd over - 0 runs, 2 hits, 0 errors, 3 left on base; Johnson City 0 - Washington (APP) 0 |
BOTTOM OF THE 3RD |
Washington (APP) Nationals batting - Pitching for Johnson City Cardinals : RHP Mario Machado
|
Batting: RHB Bobby Bricker
|
0-0: Called Strike 0-1: Ball 1-1: Ball 2-1: Swinging Strike 2-2: Foul Ball, location: 2F 2-2: Foul Ball, location: 2F 2-2: Ball 3-2: Foul Ball, location: 2F 3-2: Base on Balls
|
Batting: RHB Chad Madsen
|
0-0: Ball Bobby Bricker is caught stealing 2nd base 2-4 1-0: Ball 2-0: Ball 3-0: Base on Balls
|
Batting: LHB Vince McLane
|
0-0: Called Strike 0-1: Ball 1-1: Ball 2-1: DOUBLE (Groundball, 3L, EV 105.6 MPH) Chad Madsen to third
|
Batting: RHB Gregg Huddleston
|
0-0: Foul Ball, location: 2F 0-1: Ball 1-1: Swinging Strike 1-2: Ball 2-2: Strikes out swinging
|
Batting: LHB Jim Weidman
|
0-0: Foul Ball, location: 2F 0-1: Called Strike 0-2: Fly out, F8 (Line Drive, 8RM, EV 93.1 MPH)
|
Bottom of the 3rd over - 0 runs, 1 hit, 0 errors, 2 left on base; Johnson City 0 - Washington (APP) 0 |
TOP OF THE 4TH |
Johnson City Cardinals batting - Pitching for Washington (APP) Nationals : LHP Leo Gutierrez
|
Batting: RHB Herbert Loveless
|
0-0: Ball 1-0: Ball 2-0: SOLO HOME RUN (Flyball, 7D, EV 101.9 MPH), Distance : 396 ft
|
Batting: LHB Ivan Cortez
|
0-0: Called Strike 0-1: Called Strike 0-2: Ball 1-2: Strikes out looking
|
Batting: LHB Jorge Zarazua
|
0-0: Called Strike 0-1: Swinging Strike 0-2: SINGLE (Flyball, 78S, EV 98.8 MPH)
|
Pitching: RHP Cheng-ho Tai
|
|
Batting: RHB Bobby Miles
|
0-0: Fly out, F8 (Line Drive, 8RM, EV 106.9 MPH)
|
Batting: RHB Robby Hickman
|
0-0: Swinging Strike 0-1: Ball 1-1: Swinging Strike 1-2: Ball 2-2: Strikes out swinging
|
Top of the 4th over - 1 run, 2 hits, 0 errors, 1 left on base; Johnson City 1 - Washington (APP) 0 |
BOTTOM OF THE 4TH |
Washington (APP) Nationals batting - Pitching for Johnson City Cardinals : RHP Mario Machado
|
Batting: RHB Lamar Thornton
|
0-0: Ball 1-0: Fly out, F8 (Flyball, 8RD, EV 108.1 MPH)
|
Batting: RHB Steve Kunselman
|
0-0: Called Strike 0-1: Ball 1-1: Foul Ball, location: 2F 1-2: Strikes out swinging
|
Batting: RHB Jelexiz Cuenca
|
0-0: Foul Ball, location: 2F 0-1: Ball 1-1: Fly out, F3 (Popup, 3F, EV 69.4 MPH)
|
Bottom of the 4th over - 0 runs, 0 hits, 0 errors, 0 left on base; Johnson City 1 - Washington (APP) 0 |
TOP OF THE 5TH |
Johnson City Cardinals batting - Pitching for Washington (APP) Nationals : RHP Cheng-ho Tai
|
Batting: LHB Keith Rice
|
0-0: Swinging Strike 0-1: Ball 1-1: Ball 2-1: Ball 3-1: Base on Balls
|
Batting: RHB Fekadu Alhaadi
|
0-0: Swinging Strike 0-1: SINGLE (Groundball, 6MD, EV 98.8 MPH) Keith Rice to second
|
Batting: LHB Travis Ruppel
|
0-0: Ball 1-0: Ball 2-0: Foul Ball, location: 2F 2-1: Foul Ball, location: 2RF, Error on foul ball, E2 2-2: Foul Ball, location: 2F 2-2: Foul Ball, location: 2F 2-2: Foul Ball, location: 2F 2-2: Fly out, F8 (Flyball, 78D, EV 102.5 MPH) Runner from 2nd tags up, SAFE at 3rd with throw by CF
|
Batting: RHB Tim Jobe
|
0-0: Fly out, F9 (Line Drive, 9, EV 89.4 MPH)
|
Batting: RHB Herbert Loveless
|
0-0: Ball 1-0: Foul Ball, location: 2F 1-1: Ball 2-1: Foul Ball, location: 2F 2-2: Foul Ball, location: 2F 2-2: Ball 3-2: Strikes out looking
|
Top of the 5th over - 0 runs, 1 hit, 1 error, 2 left on base; Johnson City 1 - Washington (APP) 0 |
BOTTOM OF THE 5TH |
Washington (APP) Nationals batting - Pitching for Johnson City Cardinals : RHP Mario Machado
|
Batting: RHB Jason Ewert
|
0-0: Foul Ball, location: 2F 0-1: Ball 1-1: Foul Ball, location: 2F 1-2: Strikes out swinging
|
Batting: RHB Bobby Bricker
|
0-0: Ball 1-0: Called Strike 1-1: DOUBLE (Flyball, 78D, EV 93.8 MPH)
|
Batting: RHB Chad Madsen
|
0-0: Called Strike 0-1: Foul Ball, location: 2F 0-2: Ball 1-2: Ball 2-2: Ball 3-2: Foul Ball, location: 2F 3-2: Base on Balls
|
Batting: LHB Vince McLane
|
0-0: Ball Bobby Bricker steals 3rd base 1-0: Ball 2-0: Ball Chad Madsen is caught stealing 2nd base 2-6 3-0: Base on Balls
|
Batting: RHB Gregg Huddleston
|
0-0: Ball 1-0: Ball Vince McLane steals 2nd base 2-0: SINGLE (Groundball, 56D, EV 98.8 MPH) Bobby Bricker scores Vince McLane to third Runner from 3rd tries for Home, SAFE, throw by LF to home Gregg Huddleston to second
|
Batting: LHB Jim Weidman
|
0-0: Ball 1-0: Called Strike 1-1: Ball 2-1: Foul Ball, location: 2F 2-2: Fly out, F8 (Flyball, 8RD, EV 87.5 MPH)
|
Bottom of the 5th over - 2 runs, 2 hits, 0 errors, 1 left on base; Johnson City 1 - Washington (APP) 2 |
TOP OF THE 6TH |
Johnson City Cardinals batting - Pitching for Washington (APP) Nationals : RHP Cheng-ho Tai
|
Pitching: RHP Nate Vandergriff
|
|
Batting: LHB Ivan Cortez
|
0-0: Swinging Strike 0-1: Fly out, F9 (Flyball, 9LM, EV 101.9 MPH)
|
Batting: LHB Jorge Zarazua
|
0-0: Ball 1-0: Called Strike 1-1: Ball 2-1: SINGLE (Line Drive, 9LS, EV 90.0 MPH)
|
Batting: RHB Bobby Miles
|
0-0: Called Strike 0-1: Hit by Pitch Jorge Zarazua to second
|
Pinch Runner at 1st Steve Langlois:
|
|
Pinch Runner at 2nd Austin Akers:
|
|
Batting: RHB Robby Hickman
|
0-0: 3-RUN HOME RUN (Flyball, 9D, EV 100.0 MPH), Distance : 364 ft
|
Batting: LHB Keith Rice
|
0-0: Ball 1-0: Ball 2-0: Ball 3-0: Base on Balls
|
Batting: RHB Fekadu Alhaadi
|
0-0: Called Strike 0-1: Called Strike 0-2: Ball 1-2: Ball 2-2: Foul Ball, location: 2F 2-2: Ball 3-2: Base on Balls Keith Rice to second
|
Batting: LHB Travis Ruppel
|
0-0: Fielders Choice at 2nd, 5-4 (Groundball, 56, EV 86.9 MPH) Keith Rice to third
|
Batting: RHB Tim Jobe
|
0-0: Ball 1-0: Foul Ball, location: 2F 1-1: Ball 2-1: Called Strike 2-2: Ball 3-2: SINGLE (Groundball, 6MD, EV 106.9 MPH) Keith Rice scores Travis Ruppel to second Travis Ruppel to third
|
Batting: RHB Herbert Loveless
|
0-0: Called Strike 0-1: DOUBLE (Groundball, 5L, EV 100.0 MPH) Travis Ruppel scores Tim Jobe to third Runner from 3rd tries for Home, SAFE, throw by LF to trailing runner, SAFE at third!
|
Batting: LHB Ivan Cortez
|
0-0: Ball 1-0: Foul Ball, location: 2F 1-1: Called Strike 1-2: Foul Ball, location: 2F 1-2: Strikes out swinging
|
Top of the 6th over - 6 runs, 4 hits, 0 errors, 1 left on base; Johnson City 7 - Washington (APP) 2 |
BOTTOM OF THE 6TH |
Washington (APP) Nationals batting - Pitching for Johnson City Cardinals : RHP Mario Machado
|
Pitching: RHP Ray Strehler
|
|
Now at 1B: Alex Melgoza
|
|
Now in LF: Steve Langlois
|
|
Batting: RHB Lamar Thornton
|
0-0: Called Strike 0-1: SINGLE (Groundball, 6MD, EV 100.0 MPH)
|
Batting: RHB Steve Kunselman
|
0-0: Ball 1-0: Called Strike 1-1: Called Strike 1-2: Foul Ball, location: 2F 1-2: Ball 2-2: Strikes out swinging
|
Batting: RHB Jelexiz Cuenca
|
0-0: Called Strike Lamar Thornton steals 2nd base 0-1: Foul Ball, location: 2F 0-2: Ball 1-2: Foul Ball, location: 2F 1-2: Strikes out swinging
|
Batting: RHB Jason Ewert
|
0-0: Ball 1-0: Called Strike 1-1: Foul Ball, location: 2F 1-2: Strikes out swinging
|
Bottom of the 6th over - 0 runs, 1 hit, 0 errors, 1 left on base; Johnson City 7 - Washington (APP) 2 |
TOP OF THE 7TH |
Johnson City Cardinals batting - Pitching for Washington (APP) Nationals : RHP Nate Vandergriff
|
Batting: RHB Alex Melgoza
|
0-0: Ball 1-0: Called Strike 1-1: Swinging Strike 1-2: Ball 2-2: Ball 3-2: Foul Ball, location: 2F 3-2: Foul Ball, location: 2F 3-2: DOUBLE (Groundball, 5L, EV 98.8 MPH)
|
Batting: SHB Steve Langlois
|
0-0: Called Strike 0-1: Swinging Strike 0-2: Foul Ball, location: 2F 0-2: Ball 1-2: Foul Ball, location: 2F 1-2: Ball 2-2: Foul Ball, location: 2F 2-2: Ball 3-2: Base on Balls
|
Batting: RHB Robby Hickman
|
0-0: Ball 1-0: Ball 2-0: Foul Ball, location: 2F 2-1: Ball 3-1: Base on Balls Alex Melgoza to third Steve Langlois to second
|
Batting: LHB Keith Rice
|
0-0: Ball 1-0: Swinging Strike 1-1: Ball 2-1: Fly out, F6 (Flyball, 56D, EV 83.8 MPH)
|
Batting: RHB Fekadu Alhaadi
|
0-0: Fly out, F7 (Flyball, 7D, EV 90.6 MPH) Runner from 3rd tags up, OUT at HOME! 7-2
|
Top of the 7th over - 0 runs, 1 hit, 0 errors, 2 left on base; Johnson City 7 - Washington (APP) 2 |
BOTTOM OF THE 7TH |
Washington (APP) Nationals batting - Pitching for Johnson City Cardinals : RHP Ray Strehler
|
Batting: RHB Bobby Bricker
|
0-0: Called Strike 0-1: Called Strike 0-2: Strikes out swinging
|
Pitching: LHP Juan Velez
|
|
Batting: RHB Chad Madsen
|
0-0: Ball 1-0: Ground out 5-3 (Groundball, 56S, EV 65.0 MPH)
|
Batting: LHB Vince McLane
|
0-0: Ball 1-0: Ball 2-0: Foul Ball, location: 2F 2-1: Ball 3-1: Called Strike 3-2: Strikes out looking
|
Bottom of the 7th over - 0 runs, 0 hits, 0 errors, 0 left on base; Johnson City 7 - Washington (APP) 2 |
TOP OF THE 8TH |
Johnson City Cardinals batting - Pitching for Washington (APP) Nationals : RHP Nate Vandergriff
|
Pitching: RHP Antonio Vallez
|
|
Batting: LHB Travis Ruppel
|
0-0: Called Strike 0-1: Foul Ball, location: 2F 0-2: Ball 1-2: SOLO HOME RUN (Flyball, 8LXD, EV 116.2 MPH), Distance : 463 ft
|
Batting: RHB Tim Jobe
|
0-0: SINGLE (Line Drive, 8LS, EV 95.6 MPH)
|
Batting: RHB Herbert Loveless
|
0-0: Foul Ball, location: 2F 0-1: Fly out, F8 (Line Drive, 8LD, EV 94.4 MPH)
|
Batting: LHB Ivan Cortez
|
0-0: Ball 1-0: Ball 2-0: Called Strike 2-1: SINGLE (Line Drive, 7LM, EV 104.4 MPH) Tim Jobe to second
|
Batting: RHB Alex Melgoza
|
0-0: Called Strike 0-1: Foul Ball, location: 2F 0-2: Ball 1-2: Foul Ball, location: 2F 1-2: Foul Ball, location: 2F 1-2: Foul Ball, location: 2F 1-2: Foul Ball, location: 2F 1-2: Foul Ball, location: 2F 1-2: Foul Ball, location: 2F 1-2: 3-RUN HOME RUN (Flyball, 7LD, EV 98.1 MPH), Distance : 358 ft
|
Batting: SHB Steve Langlois
|
0-0: Ball 1-0: Ball 2-0: Called Strike 2-1: SINGLE (Line Drive, 4MD, EV 95.6 MPH)
|
Batting: RHB Robby Hickman
|
0-0: Called Strike 0-1: Ball 1-1: Called Strike 1-2: DOUBLE (Line Drive, 8RXD, EV 108.1 MPH) Steve Langlois to third Runner from 3rd tries for Home, SAFE, throw by CF to home
|
Pitching: LHP Mike Rosas
|
|
Batting: LHB Keith Rice
|
0-0: Called Strike 0-1: Ball 1-1: Ball 2-1: Reached on error, E5 (Groundball, 5, EV 80.0 MPH) Robby Hickman to third
|
Batting: RHB Fekadu Alhaadi
|
0-0: Swinging Strike 0-1: Foul Ball, location: 2F 0-2: Foul Ball, location: 2F 0-2: Ball 1-2: Foul Ball, location: 2F 1-2: Ball 2-2: DOUBLE (Flyball, 8RXD, EV 99.4 MPH) Robby Hickman scores Keith Rice to third
|
Batting: LHB Travis Ruppel
|
0-0: Ball 1-0: Ball 2-0: Called Strike 2-1: Called Strike 2-2: Ball 3-2: Foul Ball, location: 2F 3-2: Foul Ball, location: 2F 3-2: 3-RUN HOME RUN (Flyball, 9D, EV 96.9 MPH), Distance : 350 ft
|
Pitching: RHP Matt Norris
|
|
Batting: RHB Tim Jobe
|
0-0: Ground out 5-3 (Groundball, 56, EV 88.1 MPH)
|
Batting: RHB Herbert Loveless
|
0-0: Called Strike 0-1: Ball 1-1: Called Strike 1-2: Strikes out swinging
|
Top of the 8th over - 9 runs, 8 hits, 1 error, 0 left on base; Johnson City 16 - Washington (APP) 2 |
BOTTOM OF THE 8TH |
Washington (APP) Nationals batting - Pitching for Johnson City Cardinals : LHP Juan Velez
|
Batting: RHB Gregg Huddleston
|
0-0: Foul Ball, location: 2F 0-1: Called Strike 0-2: Foul Ball, location: 2F 0-2: Ball 1-2: Ground out 5-3 (Groundball, 56S, EV 73.1 MPH)
|
Batting: LHB Jim Weidman
|
0-0: Ground out 3-1 (Groundball, 34S, EV 83.8 MPH)
|
Batting: RHB Lamar Thornton
|
0-0: Called Strike 0-1: Called Strike 0-2: Ball 1-2: Foul Ball, location: 2F 1-2: Strikes out swinging
|
Bottom of the 8th over - 0 runs, 0 hits, 0 errors, 0 left on base; Johnson City 16 - Washington (APP) 2 |
TOP OF THE 9TH |
Johnson City Cardinals batting - Pitching for Washington (APP) Nationals : RHP Matt Norris
|
Batting: LHB Ivan Cortez
|
0-0: Ball 1-0: Ball 2-0: Foul Ball, location: 2F 2-1: Ground out 3-1 (Groundball, 34, EV 88.8 MPH)
|
Batting: RHB Alex Melgoza
|
0-0: Ball 1-0: Ball 2-0: Ball 3-0: Foul Ball, location: 2F 3-1: Base on Balls
|
Batting: SHB Steve Langlois
|
0-0: Swinging Strike 0-1: Foul Ball, location: 2F 0-2: Ball 1-2: Foul Ball, location: 2F 1-2: Ball 2-2: Strikes out looking
|
Pitching: RHP Matt Seivert
|
|
Batting: RHB Robby Hickman
|
0-0: Ball 1-0: Foul Ball, location: 2F 1-1: Ball 2-1: Called Strike 2-2: Ball 3-2: Base on Balls Alex Melgoza to second
|
Batting: LHB Keith Rice
|
0-0: Called Strike 0-1: Ball 1-1: Ground out 5-3 (Groundball, 5S, EV 93.1 MPH)
|
Top of the 9th over - 0 runs, 0 hits, 0 errors, 2 left on base; Johnson City 16 - Washington (APP) 2 |
BOTTOM OF THE 9TH |
Washington (APP) Nationals batting - Pitching for Johnson City Cardinals : LHP Juan Velez
|
Batting: RHB Steve Kunselman
|
0-0: Foul Ball, location: 2F 0-1: Swinging Strike 0-2: Ball 1-2: Foul Ball, location: 2F 1-2: Foul Ball, location: 2F 1-2: Ball 2-2: Strikes out swinging
|
Batting: RHB Jelexiz Cuenca
|
0-0: Foul Ball, location: 2F 0-1: Ball 1-1: Swinging Strike 1-2: Strikes out swinging
|
Batting: RHB Jason Ewert
|
0-0: Foul Ball, location: 2F 0-1: Ball 1-1: Swinging Strike 1-2: Foul Ball, location: 2F 1-2: Ball 2-2: Ball 3-2: Foul Ball, location: 2F 3-2: Strikes out swinging
|
Bottom of the 9th over - 0 runs, 0 hits, 0 errors, 0 left on base; Johnson City 16 - Washington (APP) 2 |
|